 Dungeon Crawl Stone Soup version 0.32-a0-918-g0f22ef8d61 (webtiles) character file.

Game seed: 10892291039332123804

367 timneilson the Ducker (level 7, 0/50 HPs)
             Began as a Djinni Conjurer on Apr 10, 2024.
             Slain by Duvessa
             ... wielding a +0 rapier of electrocution
              (11 damage)
             ... on level 4 of the Dungeon.
             The game lasted 00:07:55 (2345 turns).

timneilson the Ducker (Djinni Conjurer)             Turns: 2345, Time: 00:07:55

Health: 0/50       AC:  4    Str:  6    XL:     7   Next: 1%
Gold:   161        EV:  8    Int: 29    God:
                   SH:  8    Dex: 11

rFire   + + .        g - +10 mace "Onnawilupy" {flame, Int+7}
rCold   . . .        d - +1 kite shield of the Land of Plenty {Regen+}
rNeg    . . .        a - +0 robe
rPois   ∞            (no helmet)
rElec   .            (no cloak)
rCorr   .            f - +1 pair of gloves
SInv    .            (boots unavailable)
Will    .....        (no amulet)
Stlth   ++           c - ring of protection from cold
HPRegen 1.08/turn    (no ring)

%: infuse magic (-1 HP)
@: flying, very slightly contaminated
A: sickness immunity, fire resistance 2, cold vulnerability 1, float, innate
caster, HP casting, extra vitality 1
a: no special abilities


You were on level 4 of the Dungeon.
You visited 1 branch of the dungeon, and saw 4 of its levels.

You collected 161 gold pieces.

Inventory:

Hand Weapons
 g - the +10 mace "Onnawilupy" (weapon) {flame, Int+7}
   (You found it on level 2 of the Dungeon)

   Int+7:     It affects your intelligence (+7).
Armour
 a - a +0 robe (worn)
 d - the +1 kite shield of the Land of Plenty (worn) {Regen+}
   (You acquired it on level 1 of the Dungeon)

   Regen+:    It increases your rate of health regeneration.
 f - a +1 pair of gloves (worn)
Jewellery
 c - a ring of protection from cold (left hand)
 k - a ring of fire
Scrolls
 b - a scroll of teleportation
 l - a scroll of revelation {unknown}
 m - a scroll of immolation {unknown}
Potions
 e - a potion of haste
 h - a potion of attraction
 i - a potion of invisibility
 j - a potion of magic {unknown}


   Skills:
 * Level 3.0 Fighting
 + Level 1.9 Armour
 * Level 4.1 Dodging
 + Level 2.5 Stealth
 + Level 1.7 Shields
 + Level 3.9 Spellcasting
 + Level 3.9 Conjurations
 + Level 3.9 Hexes
   Level 0.0 Charms
 + Level 3.9 Summonings
 + Level 3.9 Necromancy
 + Level 3.9 Translocations
   Level 0.0 Transmutations
 + Level 3.9 Fire Magic
 + Level 3.9 Ice Magic
 + Level 3.9 Air Magic
 + Level 3.9 Earth Magic
 + Level 3.9 Alchemy


You knew the following spells:

 Your Spells              Type           Power      Damage    Failure   Level
a - Magic Dart            Conj           100%       1d8       12%         1
b - Searing Ray           Conj           56%        2d6       19%         2
c - Fulminant Prism       Conj/Alch      14%        3d8       77%         4
d - Iskenderun's Mystic Conj/Tloc 28%            2d7        (+2d3     77%         4
e - Apportation           Tloc           56%        N/A       12%         1
f - Momentum Strike       Conj/Tloc      56%        3d9       19%         2
g - Ozocubu's Armour      Ice            28%        N/A       36%         3
Your spell library was empty.

Dungeon Overview and Level Annotations

Branches:
Dungeon (4/15)
 Temple: D:4-7

Altars:
Dithmenos
Elyvilon
Fedhas
Qazlal
Ru

Annotations:
D:4 Duvessa


Innate Abilities, Weirdness & Mutations

You are immune to sickness and miasma.
You are immune to poison.
Your flesh is very heat resistant. (rF++)
You are vulnerable to cold. (rC-)
You float through the air rather than walking.
You learn spells naturally, not from books.
Your magical power is your life essence.
You have superior vitality. (+4 MHP)


Message History

The searing ray hits Duvessa.
Duvessa is lightly wounded.
The searing ray hits Dowan!
Dowan is heavily wounded.
You finish channelling your searing ray.
Duvessa hits you with a +0 rapier of electrocution.
Casting: Searing Ray (safe; 19% risk of failure)
Confirm with . or Enter, or press ? or * to list all spells.
Aiming: Searing Ray (safe; 19% risk of failure)
Press: ? - help, Shift-Dir - straight line, f/p - Duvessa
Aim: Duvessa, wielding a +0 rapier of electrocution and wearing a +1 ring mail of cold resistance (lightly wounded, 85% to hit)
You miscast Searing Ray.
You are very lightly contaminated with residual magic.
Nothing appears to happen.
Duvessa closely misses you.
Casting: Searing Ray (safe; 19% risk of failure)
Confirm with . or Enter, or press ? or * to list all spells.
Aiming: Searing Ray (safe; 19% risk of failure)
Press: ? - help, Shift-Dir - straight line, f/p - Duvessa
Aim: Duvessa, wielding a +0 rapier of electrocution and wearing a +1 ring mail of cold resistance (lightly wounded, 85% to hit)
The searing ray hits Duvessa.
Duvessa is moderately wounded.
The searing ray misses Dowan. (Press . to maintain the ray.) Duvessa hits you with a +0 rapier of electrocution!
The searing ray hits Duvessa!
Duvessa is heavily wounded.
The searing ray hits Dowan.
Dowan is severely wounded.
Duvessa hits you with a +0 rapier of electrocution.
You are electrocuted!
* * * LOW HITPOINT WARNING * * *
The searing ray hits Duvessa but does no damage.
Duvessa is heavily wounded.
The searing ray hits Dowan!
You kill Dowan!
Duvessa screams, "No!
How DARE you!"
Duvessa goes berserk!
* * * LOW HITPOINT WARNING * * *
Duvessa hits you with a +0 rapier of electrocution!
You die...

##### #. ......######## #.##
#)e@.....##### #...
#.######.....# #..# #.# ###...##
# #..# #.# ##§....## # #..# #.#
##§§.....## # #..#####
#.#####..§...§§.#### # #.....<##
#.##....§§.........# #
##.######.#.##......._........
#####.######.#.##...............#


You could see Duvessa (berserk).

Vanquished Creatures
  A black bear (D:4)
  Dowan (D:4)
  A bombardier beetle (D:3)
  A hound (D:4)
  An orc priest (D:4)
  Jessica (D:2)
  An iguana (D:4)
  2 orc wizards
  An adder (D:4)
  4 dart slugs
  5 orcs
  4 ball pythons
  4 giant cockroaches
  4 goblins
  7 hobgoblins
  2 quokkas
  7 bats
  8 frilled lizards
  4 kobolds
  5 rats
64 creatures vanquished.

Notes
Turn   | Place    | Note
-------+----------+-------------------------------------------
     0 | D:1      | timneilson the Djinni Conjurer began the quest for the Orb.
     0 | D:1      | timneilson set off with the following spells memorised:
                  | Magic Dart, Searing Ray, Fulminant Prism, Iskenderun's
                  | Mystic Blast.
     0 | D:1      | Reached XP level 1. HP: 15/15 MP: 0/0
   210 | D:1      | Reached XP level 2. HP: 21/21 MP: 0/0
   554 | D:1      | Reached skill level 1 in Fighting
   564 | D:1      | Reached XP level 3. HP: 25/27 MP: 0/0
   564 | D:1      | Learned a level 1 spell: Apportation
   701 | D:1      | Identified a scroll of acquirement
   703 | D:1      | Acquired the +1 kite shield of the Land of Plenty {Regen+}
   769 | D:2      | Noticed Jessica
   772 | D:2      | Killed Jessica
   773 | D:2      | Reached XP level 4. HP: 32/32 MP: 0/0
   832 | D:2      | Reached skill level 1 in Armour
   832 | D:2      | Reached skill level 3 in Dodging
   872 | D:2      | Identified the +10 mace "Onnawilupy" {flame, Int+7}
  1652 | D:3      | Found a blossoming altar of Fedhas.
  1701 | D:3      | Found a stormy altar of Qazlal.
  1747 | D:3      | Found a sacrificial altar of Ru.
  1839 | D:3      | Reached XP level 5. HP: 27/38 MP: 0/0
  1839 | D:3      | Learned a level 2 spell: Momentum Strike
  1944 | D:3      | Found a white marble altar of Elyvilon.
  2015 | D:3      | Reached skill level 1 in Shields
  2048 | D:4      | Reached XP level 6. HP: 32/45 MP: 0/0
  2284 | D:4      | Noticed a black bear
  2290 | D:4      | Killed a black bear
  2291 | D:4      | Reached skill level 4 in Dodging
  2291 | D:4      | Reached XP level 7. HP: 48/50 MP: 0/0
  2291 | D:4      | Learned a level 3 spell: Ozocubu's Armour
  2313 | D:4      | Found a shadowy altar of Dithmenos.
  2334 | D:4      | Noticed Duvessa
  2335 | D:4      | Noticed Dowan
  2345 | D:4      | Killed Dowan
  2345 | D:4      | Slain by Duvessa

Illustrated notes

Levels and vault maps discovered:
D:1:      dpeg_arrival_rhombi, layout_basic
D:2:      layout_basic, uniq_jessica
D:3:      layout_rooms, mainiacjoe_overflow_tiny_flanked, elyvilon_altar_1,
          nicolae_qazlal_general_emergency, lemuel_crystal_altar,
          minmay_lizard_king
D:4:      layout_basic, amcnicky_altar_gilded, nicolae_dithmenos_the_darkroom,
          serial_glass, glass_columns_a, glass_columns_a, minmay_misc_feat_five,
          uniq_pikel, uniq_duvessa

Skill      XL: |  1  2  3  4  5  6 |
---------------+-------------------+-----
Fighting       | 1 2 3 |  3.0
Armour         | 1 |  1.9
Dodging        | 3 4 |  4.1
Stealth        | 2 |  2.5
Shields        | 1 |  1.7
Spellcasting   | |  3.9
Conjurations   | |  3.9
Hexes          | |  3.9
Summonings     | |  3.9
Necromancy     | |  3.9
Translocations | |  3.9
Fire Magic     | |  3.9
Ice Magic      | |  3.9
Air Magic      | |  3.9
Earth Magic    | |  3.9
Alchemy        | |  3.9

Action                     |  1- 3 |  4- 6 |  7- 9 || total
---------------------------+-------+-------+-------++-------
  Melee: Mace              |       |     2 |       ||     2
   Cast: Magic Dart        |    44 |    52 |     2 ||    98
         Searing Ray       |       |     9 |     2 ||    11
         Momentum Strike   |       |     1 |       ||     1
    Use: Scroll            |     3 |     7 |       ||    10
 Armour: Robe              |       |     6 |     5 ||    11
  Dodge: Dodged            |     3 |     5 |     1 ||     9
  Block: Kite shield       |       |     7 |       ||     7

Table legend: (Time is in decaauts)
 A = Elapsed time spent in this place.
 B = Non-inter-level travel time spent in this place.
 C = Inter-level travel time spent in this place.
 D = Time resting spent in this place.
 E = Time spent auto-exploring this place.
 F = Levels seen in this place.
 G = Mean time per level.
                   A        B        C        D        E       F      G
               +--------+--------+--------+--------+--------+-----+--------+
         Total |   2344 |   2297 |     47 |    104 |   1816 |   4 |  586.0 |
       Dungeon |   2344 |   2297 |     47 |    104 |   1816 |   4 |  586.0 |
               +--------+--------+--------+--------+--------+-----+--------+

Top non-repeatable levels by time:
     D:2: 853 daAuts
     D:1: 712 daAuts
     D:3: 455 daAuts
     D:4: 323 daAuts
